 Dungeon Crawl Stone Soup version 0.29-a0-414-g5075937ec3 (webtiles) character file.

Game seed: 15982906506010661467

2 purpskrrrp the Sneak (level 1, 0/19 HPs)
             Began as a Hill Orc Delver on May 15, 2022.
             Was an Initiate of Wu Jian.
             Slain by an adder (4 damage)
             ... on level 4 of the Dungeon.
             The game lasted 00:01:02 (86 turns).

purpskrrrp the Sneak (Hill Orc Delver)                Turns: 86, Time: 00:01:02

Health: 0/19       AC:  3    Str: 14    XL:     1   Next: 30%
Magic:  1/1        EV: 11    Int: 10    God:    Wu Jian [......]
Gold:   18         SH:  0    Dex: 12    Spells: 0/0 levels left

rFire   . . .      SeeInvis .   a - +0 hand axe
rCold   . . .      Faith    .   (no shield)
rNeg    . . .      Spirit   .   b - +0 leather armour
rPois   .          Reflect  .   (no helmet)
rElec   .          Harm     .   (no cloak)
rCorr   .          Rampage  .   (no gloves)
Will    .....                   (no boots)
Stlth   ++........              (no amulet)
HPRegen 0.06/turn               (no ring)
MPRegen 0.07/turn               (no ring)

@: lethally poisoned (0 -> -6)
A: no striking features
a: Renounce Religion


You were on level 4 of the Dungeon.
You worshipped Wu Jian.
Wu Jian was noncommittal.
You visited 1 branch of the dungeon, and saw 2 of its levels.

You collected 18 gold pieces.

Inventory:

Hand Weapons
 a - a +0 hand axe (weapon)
Armour
 b - a +0 leather armour (worn)
Wands
 g - a wand of digging (3)
Scrolls
 c - a scroll of fog
 d - a scroll of magic mapping
 e - a scroll of fear
 f - a scroll of teleportation {unknown}


   Skills:
 + Level 3.6 Fighting
 + Level 2.7 Axes
 + Level 1.5 Dodging
 + Level 4.2 Stealth


You couldn't memorise any spells.
You didn't know any spells.
Your spell library was empty.

Dungeon Overview and Level Annotations

Branches:
Dungeon (5/15)
 Temple: D:4-7

Altars:
Ashenzari
Trog
Wu Jian
Xom


Message History

The orc hits you with a +0 whip.
You hit the orc.
You kill the orc!
Things that are here:
a +0 whip; an orc corpse
There is a shimmering altar of Xom here.
There is a stone staircase leading up here.
You climb upwards.
Found a broken altar of Ashenzari and an ornate altar of the Wu Jian Council.
There is a stone staircase leading down here.
Found a bloodstained altar of Trog.
Found a scroll labelled MULUATU EGROFF.
Your extra speed is starting to run out.
There is an ornate altar of the Wu Jian Council here.
You kneel at the altar of Wu Jian.
The Council welcomes you!
You can now perform damaging attacks by moving towards foes.
An adder comes into view.
Found 10 gold pieces.
You feel yourself slow down.
The adder hisses angrily.
You see here a scroll labelled MULUATU EGROFF.
f - a scroll labelled MULUATU EGROFF You barely miss the adder.
The adder bites you.
You are poisoned.
The adder poisons you!
You hit the adder but do no damage.
You feel sick. The adder misses you. The adder barely misses you.
You miss the adder.
You feel sick. The adder bites you.
You are lethally poisoned!
The adder poisons you!
You hit the adder.
The adder is heavily wounded.
You feel very sick. The adder closely misses you. The adder barely misses you.
You closely miss the adder.
The adder is heavily wounded.
* * * LOW HITPOINT WARNING * * *
You feel sick. The adder bites you.
You die...

###### ...#
#..........# #..#
###........#.###..##.#
..............##.>...#
.....$......_....#####
.................#
.................#####
........._..8.........
......S@.........#####
........#....._.##
........#.......#
........###...###
........# #####
#########


You could see an adder.

Vanquished Creatures
  An orc (D:5)
1 creature vanquished.

Notes
Turn   | Place    | Note
-------+----------+-------------------------------------------
     0 | D:5      | purpskrrrp the Hill Orc Delver began the quest for the Orb.
     0 | D:5      | Reached XP level 1. HP: 19/19 MP: 1/1
    34 | D:5      | Found a shimmering altar of Xom.
    65 | D:4      | Found a broken altar of Ashenzari.
    65 | D:4      | Found an ornate altar of the Wu Jian Council.
    66 | D:4      | Found a bloodstained altar of Trog.
    73 | D:4      | Became a worshipper of the Wu Jian Council
    86 | D:4      | Slain by an adder

Illustrated notes

Levels and vault maps discovered:
D:4:      layout_basic, grunt_dithmenos_smoke_and_mirrors,
          grunt_temple_overflow_open
D:5:      layout_basic, zin_treasury, lemuel_crystal_altar

Action                   || total
-------------------------++-------
Melee: Hand axe          ||     8
  Use: Potion            ||     1
Dodge: Dodged            ||     5

Table legend: (Time is in decaauts)
 A = Elapsed time spent in this place.
 B = Non-inter-level travel time spent in this place.
 C = Inter-level travel time spent in this place.
 D = Time resting spent in this place.
 E = Time spent auto-exploring this place.
 F = Levels seen in this place.
 G = Mean time per level.
                   A        B        C        D        E       F      G
               +--------+--------+--------+--------+--------+-----+--------+
         Total |     72 |     52 |     20 |      0 |     31 |   2 |   36.0 |
       Dungeon |     72 |     52 |     20 |      0 |     31 |   2 |   36.0 |
               +--------+--------+--------+--------+--------+-----+--------+

Top non-repeatable levels by time:
     D:5: 55 daAuts
     D:4: 16 daAuts
